Map: Dasan Station LE

Players

Fropez - Winner!

  • Race: Protoss Protoss
  • League: Gold
  • Spawn Location: 12:00

silvermouse

  • Race: Terran Terran
  • League: Platinum
  • Spawn Location: 6:00

VOD

Have the link to the VOD?

Description

Time

  • Played on: Nov. 7, 2016, 11:03 a.m.
  • Length: 4:08
Show
View Real Time Build Order
Export as new Build Order

Fropez Protoss - Winner!

Build Orders:  

Get SALT Encoding   

  12  0:03  Probe (Chrono Boost)  
  13  0:16  Pylon, Probe (Chrono Boost)  
  14  0:31  Probe (Chrono Boost)  
  14  0:35  Gateway  
  15  0:39  Assimilator  
  15  0:42  Probe (Chrono Boost)  
  16  0:54  Gateway  
  16  0:56  Probe (Chrono Boost)  
  17  1:06  Probe (Chrono Boost)  
  17  1:09  Assimilator  
  18  1:22  Pylon  
  18  1:24  Probe (Chrono Boost)  
  19  1:34  Probe (Chrono Boost)  
  20  1:42  Pylon  
  20  1:45  Probe (Chrono Boost)  
  21  1:49  Cybernetics Core  
  21  1:56  Probe (Chrono Boost)  
  22  2:15  Nexus  
  22  2:19  Probe (Chrono Boost)  
  25  2:30  Mothership Core (Chrono Boost)  
  27  2:40  Adept x2  
  29  2:48  Probe (Chrono Boost)  
  31  3:05  Probe (Chrono Boost)  
  31  3:16  Probe (Chrono Boost)  
  32  3:20  Gateway  
  32  3:21  Twilight Council  
  32  3:27  Probe x2 (Chrono Boost)  
  34  3:47  Probe (Chrono Boost)  
  34  3:48  Probe (Chrono Boost)  
  36  3:49  Pylon  
  36  3:55  Forge  
  37  4:06  Assimilator  
Show
View Real Time Build Order
Export as new Build Order

silvermouse Terran 

Build Orders:  

Get SALT Encoding   

Tags
 
Matchup
PvT
Replay Pack
All Mines
Spawn Locations
Cross Positions
Add a new tag
Caveats
  • Supply blocks, unpowered buildings, or Contaminate may cause inaccurate times.
  • Supply counts are checked every 10 seconds.